 Dungeon Crawl Stone Soup version 0.31.0-12-g77e489cdc1 (webtiles) character file.

Game seed: 5365980238646989320

24 PaiMei the Grave Robber (level 2, -4/20 HPs)
             Began as a Demonspawn Necromancer on Feb 26, 2024.
             Slain by a ribbon worm (8 damage)
             ... on level 2 of the Dungeon.
             The game lasted 00:01:20 (1565 turns).

PaiMei the Grave Robber (Demonspawn Necromancer)    Turns: 1565, Time: 00:01:20

Health: -4/20      AC:  2    Str:  8    XL:     2   Next: 79%
Magic:  0/5        EV: 12    Int: 15    God:
Gold:   104        SH:  0    Dex: 13    Spells: 4/5 levels left

rFire   . . .        h - +0 dagger
rCold   . . .        (no shield)
rNeg    . . .        a - +0 robe
rPois   .            (no helmet)
rElec   .            (no cloak)
rCorr   .            (no gloves)
SInv    .            (no boots)
Will    .....        (no amulet)
Stlth   ++           (no ring)
HPRegen 0.23/turn    (no ring)
MPRegen 0.09/turn

%: no passive effects
@: no status effects
A: demonic guardian 1
a: no special abilities


You were on level 2 of the Dungeon.
You visited 1 branch of the dungeon, and saw 2 of its levels.

You collected 104 gold pieces.

Inventory:

Hand Weapons
 h - a +0 dagger (weapon)
Missiles
 g - 6 poisoned darts
 j - 6 darts of dispersal (quivered)
Armour
 a - a +0 robe (worn)
Scrolls
 d - a scroll of amnesia {unknown}
 i - a scroll of blinking {unknown}
Potions
 b - a potion of magic
 c - a potion of cancellation {unknown}
 e - 2 potions of heal wounds {unknown}
 f - a potion of ambrosia {unknown}


   Skills:
 + Level 0.8 Fighting
 + Level 2.1 Dodging
 - Level 1.8 Stealth
 + Level 2.3 Spellcasting
 + Level 4.6 Necromancy


You had 4 spell levels left.
You knew the following spells:

 Your Spells              Type           Power      Damage    Failure   Level
a - Necrotise             Necr           60%        1d7       3%          1

Your spell library contained the following spells:

 Spells                   Type           Power      Damage    Failure   Level
 Vampiric Draining        Necr           15%        2d7       10%         3
 Magic Dart               Conj           4%         1d3       22%         1
 Animate Dead             Necr           15%        N/A       30%         4
 Searing Ray              Conj           2%         2d4       32%         2
 Fulminant Prism          Conj/Alch      0%         3d5       91%         4
 Curse of Agony           Necr           15%        N/A       65%         5


Dungeon Overview and Level Annotations

Branches:
Dungeon (2/15)

Altars:

Annotations:
D:1 1 transporter


Innate Abilities, Weirdness & Mutations

A weak demonic guardian rushes to your aid.


Message History

The stream of webbing hits you but does no damage.
You are caught in a web!
The giant cockroach bites you.
Casting: Necrotise (safe; 3% risk of failure)
Confirm with . or Enter, or press ? or * to list all spells.
You don't have enough magic to cast this spell.
You struggle to detach yourself from the web.
The giant cockroach bites you. The ribbon worm bites you.
* * * LOW HITPOINT WARNING * * *
A demonic guardian appears!
Casting: Necrotise (safe; 3% risk of failure)
Confirm with . or Enter, or press ? or * to list all spells.
Aiming: Necrotise (safe; 3% risk of failure)
Press: ? - help, Shift-Dir - straight line, f/p - ribbon worm
Aim: a ribbon worm (moderately wounded, catching its breath, chance to affect: 79%)
The ribbon worm writhes in agony.
The giant cockroach barely misses you.
The ribbon worm bites you but does no damage.
Your white imp gestures at the giant cockroach.
The puff of frost hits the giant cockroach!
The giant cockroach dies!
The web tears apart.
The ribbon worm closely misses you.
Casting: Necrotise (safe; 3% risk of failure)
Confirm with . or Enter, or press ? or * to list all spells.
You don't have enough magic to cast this spell.
You hit the ribbon worm.
The ribbon worm is moderately wounded.
Your white imp hits the ribbon worm.
Your white imp freezes the ribbon worm.
Casting: Necrotise (safe; 3% risk of failure)
Confirm with . or Enter, or press ? or * to list all spells.
You don't have enough magic to cast this spell.
You hit the ribbon worm.
The ribbon worm is almost dead.
The ribbon worm barely misses you.
Your white imp hits the ribbon worm but does no damage.
Casting: Necrotise (safe; 3% risk of failure)
Confirm with . or Enter, or press ? or * to list all spells.
You don't have enough magic to cast this spell.
You hit the ribbon worm.
The ribbon worm is almost dead.
The ribbon worm bites you!
You die...

............ #.
.#########........
#.
#.......†.....#...
>.
.............###.#
.
#.##########..##.#
#.#.....# ##.##.#
#.##.#.....#
#.##.#
#....w5...?#
#####.##.#
##+#@....#
#........#
#...######
#.####...# #...#
#.# ###.. #...#
#.# #.# #...#
#####.# #.# #...#
#.....# #.#
#...####.....# #.#
#............# #.#
#....###....## #.#


You could see a ribbon worm (ally target) and a friendly white imp (summoned).

Vanquished Creatures
  An adder (D:2)
  An endoplasm (D:2)
  2 giant cockroaches (D:2)
  A hobgoblin (D:2)
  2 ball pythons
  A bat (D:2)
  2 frilled lizards (D:1)
  2 kobolds (D:2)
  4 rats
16 creatures vanquished.

Vanquished Creatures (collateral kills)
  A giant cockroach (D:2)
1 creature vanquished.

Grand Total: 17 creatures vanquished

Notes
Turn   | Place    | Note
-------+----------+-------------------------------------------
     0 | D:1      | PaiMei the Demonspawn Necromancer began the quest for the
                  | Orb.
     0 | D:1      | Reached XP level 1. HP: 13/13 MP: 3/3
   539 | D:1      | Found a faded altar of an unknown god.
  1176 | D:2      | Gained mutation: A weak demonic guardian rushes to your
                  | aid. [demonic ancestry]
  1176 | D:2      | Reached XP level 2. HP: 19/19 MP: 1/5
  1565 | D:2      | Slain by a ribbon worm

Illustrated notes

Levels and vault maps discovered:
D:1:      spicycebolla_arrival_risky_transporter, layout_basic,
          hellmonk_ecumenical_altar_crossroads, serial_forest,
          infiniplex_forest_straight_5, infiniplex_forest_straight_5,
          infiniplex_forest_straight_3, infiniplex_forest_lined_ring,
          infiniplex_forest_lined_corner, amcnicky_mini_rare_corridor_liquid,
          kennysheep_another_room
D:2:      layout_basic

Skill      XL: |  1 |
---------------+----+-----
Dodging        | 2 |  2.1
Fighting       | |  0.8
Stealth        | |  1.8
Spellcasting   | |  2.3
Necromancy     | |  4.6

Action                     || total
---------------------------++-------
  Melee: Dagger            ||    10
   Cast: Necrotise         ||    36
 Armour: Robe              ||    13
  Dodge: Dodged            ||    19
